 Dungeon Crawl Stone Soup version 0.21.1-1-g345015f (webtiles) character file.

84 inc the Scratcher (level 4, 19/19 HPs)
             Began as a Felid Transmuter on Mar 6, 2018.
             Quit the game on level 3 of the Dungeon.
             The game lasted 00:03:49 (2834 turns).

inc the Scratcher (Felid Transmuter)                Turns: 2834, Time: 00:03:49

Health: 19/19      AC:  1    Str:  9    XL:     4   Next: 24%
Magic:  8/8        EV: 19    Int: 16    God:
Gold:   54         SH:  0    Dex: 16    Spells: 6/7 levels left
                                        Lives:  0   Deaths: 1

rFire    . . .     SeeInvis +     - Unarmed
rCold    . . .     Gourm    .   (shield unavailable)
rNeg     . . .     Faith    .   (armour unavailable)
rPois    .         Spirit   .   (helmet unavailable)
rElec    .         Reflect  .   (cloak unavailable)
rCorr    .         Harm     .   (gloves unavailable)
MR       .....                  (boots unavailable)
Stlth    ++........             (no amulet)
HPRegen  0.06/turn              h - +1 ring of evasion
MPRegen  0.11/turn              k - +3 ring of strength

@: quick
A: very small, no armour, no weapons or thrown items, stealth, claws 1, fangs 3,
see invisible, carnivore, speed 1, shaggy fur 1, slow metabolism 1, sharp paws
a: no special abilities


You were on level 3 of the Dungeon.
You were not hungry.

You visited 1 branch of the dungeon, and saw 3 of its levels.

You collected 54 gold pieces.

Inventory:

Missiles
 a - 12 arrows
Jewellery
 h - a +1 ring of evasion (left paw)
 k - a +3 ring of strength (right paw)
Scrolls
 d - 2 scrolls of identify
 e - 3 scrolls of remove curse {unknown}
 f - a scroll of teleportation {unknown}
 i - a scroll of enchant armour {unknown}
 l - a scroll of blinking {unknown}
 m - 2 scrolls of magic mapping {unknown}
Potions
 g - a potion of lignification
 j - a potion of haste
 n - a potion of berserk rage
Books
 b - a book of Changes

   Spells                             Type                      Level
   a - Beastly Appendage              Transmutation                1
   b - Sticks to Snakes               Transmutation                2
   c - Spider Form                    Transmutation/Poison         3
   d - Ice Form                       Ice/Transmutation            4
   e - Blade Hands                    Transmutation                5
Comestibles
 c - 5 rations


   Skills:
 - Level 1.0 Fighting
 - Level 2.6 Dodging
 + Level 6.0 Unarmed Combat
 - Level 2.0 Spellcasting
 - Level 2.1 Transmutations


You had 6 spell levels left.
You knew the following spells:

 Your Spells              Type           Power        Failure   Level  Hunger
a - Beastly Appendage     Tmut           #.....       9%          1    #......


Dungeon Overview and Level Annotations

Branches:
Dungeon (3/15)

Altars:
Makhleb


Innate Abilities, Weirdness & Mutations

You cannot wear armour.
You are incapable of wielding weapons or throwing items.
Your paws allow you to move quietly. (Stealth)
You have sharp claws.
You have razor-sharp teeth.
You have supernaturally acute eyesight. (SInv)
You are carnivorous and can eat meat at any time.
You cover ground quickly.
You are covered in fur. (AC +1)
You have a slow metabolism.
Your sharp claws are effective at attacking unaware monsters.


Message History

The orc wizard casts a spell at you. The magic dart hits you!
* * * LOW HITPOINT WARNING * * *
You see here 15 arrows.
The orc wizard gestures at you while chanting.
You are confused.
You see here a stone.
The orc wizard gestures at you while chanting.
You easily resist.
Your horns disappear.
The orc wizard points at you and mumbles some strange words.
You are more confused.
You bump into the rock wall.
You bump into the rock wall.
The goblin shoots a stone.
The stone hits you.
You die...
You are now level 4!
You rejoin the land of the living...
Unknown command.
Are you sure you want to abandon this character and quit the game? (Confirm with "yes".)

####### #.....#
#..@..# ## #.....#
.#############.....#
......##o.K.[......#
.##.oo.o.#####.....#
###.####.†o........#
....# ######...####
.#### ##..#.. K#
####..# ###


There were no monsters in sight!

Vanquished Creatures
  A hound (D:3)
  An orc wizard (D:2)
  5 adders (D:2)
  A worm (D:2)
  A leopard gecko (D:1)
  9 orcs
  3 ball pythons (D:2)
  4 bats
  4 giant cockroaches
  3 goblins (D:1)
  7 hobgoblins
  7 jackals
  3 frilled lizards
  2 kobolds
  8 rats
59 creatures vanquished.

Notes
Turn   | Place    | Note
-------+----------+-------------------------------------------
     0 | D:1      | inc the Felid Transmuter began the quest for the Orb.
     0 | D:1      | Reached XP level 1. HP: 9/9 MP: 4/4
   363 | D:1      | Reached XP level 2. HP: 12/12 MP: 6/6
   750 | D:1      | Reached skill level 4 in Unarmed Combat
  1090 | D:2      | Reached XP level 3. HP: 12/15 MP: 7/7
  1481 | D:2      | Reached skill level 5 in Unarmed Combat
  1481 | D:2      | Reached XP level 4. HP: 17/19 MP: 6/8
  1741 | D:3      | Found a burning altar of Makhleb.
  2554 | D:2      | Reached XP level 5. HP: 11/22 MP: 9/9
  2794 | D:3      | Reached skill level 6 in Unarmed Combat
  2833 | D:3      | Shot with a stone by a goblin
  2834 | D:3      | Reached XP level 4. HP: 0/19 MP: 8/8
  2834 | D:3      | Quit the game

Skill      XL: |  1  2  3  4  5 |
---------------+----------------+-----
Unarmed Combat | 4 5 6 |  6.0
Fighting       | |  1.0
Dodging        | |  2.6
Spellcasting   | |  2.0
Transmutations | |  2.1

Action                   |  1- 3 |  4- 6 || total
-------------------------+-------+-------++-------
Melee: Unarmed           |   113 |    47 ||   160
       Bite              |     6 |     2 ||     8
       Headbutt          |     5 |     2 ||     7
 Cast: Beastly Appendage |     5 |     3 ||     8
  Use: Potion            |       |     1 ||     1
       Scroll            |       |     2 ||     2
 Stab: Sleeping          |     4 |       ||     4
  Eat: Chunk             |     5 |     5 ||    10
Armor: Skin              |     2 |     1 ||     3
Dodge: Dodged            |    85 |    33 ||   118
